 Dungeon Crawl Stone Soup version 0.28-a0-1506-g3893175d92 (webtiles) character file.

Game seed: 4031277145819582744

15519 enile the Tainter (level 12, -7/78 HPs)
             Began as an Octopode Brigand on Jan 13, 2022.
             Was a High Priest of Hepliaklqana.
             Mangled by a six-headed hydra (15 damage)
             ... on level 11 of the Dungeon.
             The game lasted 00:38:56 (14620 turns).

enile the Tainter (Octopode Brigand)               Turns: 14620, Time: 00:38:56

Health: -7/78      AC:  1    Str: 14    XL:     12   Next: 27%
Magic:  22/24      EV: 38    Int: 17    God:    Hepliaklqana [*****.]
Gold:   721        SH:  0    Dex: 33    Spells: 8/15 levels left

rFire   + + .      SeeInvis .   w - +0 scimitar (flame)
rCold   x . .      Faith    .   (no shield)
rNeg    . . .      Spirit   .   (helmet restricted)
rPois   +          Reflect  .   R - amulet of the acrobat
rElec   .          Harm     .   k - +6 ring of dexterity
rCorr   .          Rampage  .   x - ring of magical power
Will    .....                   A - ring of poison resistance
Stlth   ++++++....              u - +6 ring of dexterity
HPRegen 0.23/turn               I - +6 ring of dexterity
MPRegen 0.19/turn               M - ring of fire
                                N - ring of protection from fire
                                (no ring)

@: acrobatic
A: reduced essence, almost no armour, amphibious, 8 rings, camouflage 1,
gelatinous body 1, (nimble swimmer 1), tentacles, tentacle spike 2, agile 1,
clever 1
a: Renounce Religion, Recall Ancestor, Ancestor Identity, Transference, Idealise


You were on level 11 of the Dungeon.
You worshipped Hepliaklqana.
Hepliaklqana was extremely pleased with you.
You visited 1 branch of the dungeon, and saw 12 of its levels.
You also visited: Ossuary.

You collected 836 gold pieces.
You spent 115 gold pieces at shops.

Inventory:

Hand Weapons
 a - a +2 dagger
 g - a +1 flail of holy wrath
 w - a +0 scimitar of flaming (weapon)
 C - a +0 rapier
 K - a +1 whip of flaming
 L - a +0 dagger of draining
 S - a +1 dagger of venom
Missiles
 b - 27 poisoned darts (quivered)
Jewellery
 c - an amulet of guardian spirit
 j - an amulet of magic regeneration
 k - a +6 ring of dexterity (left tentacle)
 u - a +6 ring of dexterity (on tentacle)
 x - a ring of magical power (right tentacle)
 A - a ring of poison resistance (on tentacle)
 I - a +6 ring of dexterity (on tentacle)
 M - a ring of fire (on tentacle)
 N - a ring of protection from fire (on tentacle)
 R - an amulet of the acrobat (around mantle)
Wands
 l - a wand of iceblast (11)
 G - a wand of digging (7)
 T - a wand of mindburst (6)
Scrolls
 d - a scroll of enchant weapon
 i - 4 scrolls of identify
 n - 2 scrolls of immolation
 o - 2 scrolls of noise
 p - 4 scrolls of fear
 r - 3 scrolls of teleportation
 s - a scroll of holy word
 y - 3 scrolls of amnesia
 E - 2 scrolls of enchant armour
 F - a scroll of fog
 P - a scroll of summoning
 Q - a scroll of torment {unknown}
 U - a scroll of magic mapping
Potions
 e - a potion of lignification {unknown}
 f - 4 potions of heal wounds
 h - 2 potions of brilliance {unknown}
 m - 3 potions of might {unknown}
 q - 6 potions of curing {unknown}
 t - 3 potions of attraction {unknown}
 v - a potion of haste {unknown}
 z - a potion of cancellation {unknown}
 B - 2 potions of degeneration {unknown}
 D - a potion of magic {unknown}
 H - 3 potions of ambrosia {unknown}
 O - 4 potions of flight {unknown}


   Skills:
 - Level 10.0 Fighting
 - Level 2.0(3.1) Short Blades
 - Level 3.7(4.0) Long Blades
 - Level 5.0 Throwing
 + Level 8.3 Dodging
 - Level 9.0 Stealth
 - Level 2.0 Spellcasting
 - Level 6.0 Translocations
 - Level 10.0 Poison Magic
 - Level 5.0 Invocations
 - Level 6.0 Evocations


You had 8 spell levels left.
You knew the following spells:

 Your Spells              Type           Power      Damage    Failure   Level
a - Teleport Other        Tloc           22%        N/A       4%          3
b - Olgreb's Toxic Radia  Pois           35%        N/A       3%          4

Your spell library contained the following spells:

 Spells                   Type           Power      Damage    Failure   Level
 Gell's Gravitas          Tloc           22%        N/A       4%          3
 Ozocubu's Armour         Ice            1%         N/A       50%         3
 Dispersal                Tloc           11%        N/A       94%         6
 Metabolic Englaciation   Hex/Ice        0%         N/A       99%         5
 Simulacrum               Ice/Necr       0%         N/A       100%        6
 Ozocubu's Refrigeration  Ice            0%         4d5       100%        7
 Ignition                 Fire           1%         3d3       100%        8


Dungeon Overview and Level Annotations

Branches:
Dungeon (12/15)            Temple (0/1) D:4            Lair (0/6) D:11
    Orc (0/2) D:11        Ossuary (visited)

Altars:
Fedhas
Hepliaklqana
Kikubaaqudgha
Okawaru
Qazlal
Trog
Uskayaw
Yredelemnul
The Shining One
Beogh

Shops:
D:3 *

Portals:
Trove: D:10 (give 4 scrolls of fog)

Annotations:
D:11 exclusion: 2 oklob plants


Innate Abilities, Weirdness & Mutations

Your life essence is reduced to manifest your ancestor. (-10% HP)
You cannot wear most types of armour.
You are amphibious.
You can wear up to eight rings at the same time.
Your skin changes colour to match your surroundings (Stealth+).
Your rubbery body absorbs attacks. (AC +1, EV +1)
((You are camouflaged when in or above water. (Stealth+)))
You have tentacles for arms and can constrict up to eight enemies at once.
One of your tentacles bears a nasty spike.
You are agile. (Dex +2)
Your mind is acute. (Int +2)


Message History

Where to? (Enter - Lair:1, ? - help)
What level of the Lair of Beasts? (default 1, ? - help)
You climb downwards.
Level annotation: exclusion: 2 oklob plants The six-headed hydra closely misses you.
The six-headed hydra barely misses you. The six-headed hydra misses you.
The six-headed hydra barely misses you.
The six-headed hydra completely misses you.
The six-headed hydra bites you!
There is a stone staircase leading up here.
Casting: Olgreb's Toxic Radiance (dangerous; 3% risk of failure)
Confirm with . or Enter, or press ? or * to list all spells.
Aiming: Teleport Other (dangerous; 4% risk of failure)
Press: ? - help, Shift-Dir - straight line, f - six-headed hydra
Aim: a six-headed hydra (chance to affect: 28%)
The six-headed hydra easily resists.
The six-headed hydra completely misses you.
The six-headed hydra bites you.
The six-headed hydra closely misses you.
The six-headed hydra completely misses you.
The six-headed hydra misses you. x2
Casting: Teleport Other (dangerous; 4% risk of failure)
Confirm with . or Enter, or press ? or * to list all spells.
Aiming: Teleport Other (dangerous; 4% risk of failure)
Press: ? - help, Shift-Dir - straight line, f/p - six-headed hydra
Aim: a six-headed hydra (chance to affect: 28%)
The six-headed hydra easily resists.
The six-headed hydra bites you. x2
The six-headed hydra bites you! x3
* * * LOW HITPOINT WARNING * * *
The six-headed hydra misses you.
You see here 15 sling bullets.
There is an open door here.
There is an open door here.
Okay, then.
There is an open door here.
The six-headed hydra closely misses you.
The six-headed hydra bites you!
* * * LOW HITPOINT WARNING * * *
The six-headed hydra barely misses you. The six-headed hydra bites you!
You die...

#...[....)##.....................
####R..####......................
.#.##)##.#..#+############.######
....'.#....#..#...#..#...#..#....
...##.##...#..#...'..#...#..#....
#..(###..#+#..#...#..##..##.##...
.....#..#..#..#...#...#......#...
........#..#####'##...#......#...
....#...#..#...D@.#...#......#...
....#...#..#......#...#......#...
######'##..#########'####.##.##..
.#................#.(#.....#.....
.#................#..#.....#.....
.#................#..#.....#..>..
.#................#..#.....#..###
.#................#..##'####.....
.#................#..#..#..#.....


You could see a six-headed hydra.

Vanquished Creatures
  3 two-headed ogres (D:10)
  Pikel (D:7)
  A manticore (D:9)
  Maggie (D:6)
  2 kobold demonologists (D:11)
  2 trolls (D:10)
  A meliai zombie (D:6)
  Sigmund (D:2)
  A shadow (D:11)
  7 yaks
  A vampire (D:9)
  2 wyverns
  A steam dragon (D:8)
  A water moccasin (D:8)
  A sky beast (D:6)
  An orc warrior (D:11)
  An ice beast (D:5)
  A black bear (D:6)
  A necrophage (D:8)
  An ogre (D:6)
  4 centaurs
  A lemure (D:7)
  A phantom (D:7)
  A kobold brigand (D:11)
  An elf zombie (Ossuary)
  A wyvern zombie (D:7)
  2 gnoll sergeants (D:10)
  3 scorpions
  A water moccasin zombie (D:6)
  4 killer bees (D:8)
  2 howler monkeys
  3 wights (D:8)
  2 centaur zombies
  A gnoll shaman (D:4)
  4 orc priests
  9 orc wizards
  Natasha (thrice) (D:2)
  An iguana (D:5)
  A killer bee zombie (D:7)
  A hound zombie (Ossuary)
  2 howler monkey zombies
  3 mummies (Ossuary)
  3 adders
  11 gnolls
  A howler monkey skeleton (D:6)
  An adder zombie (Ossuary)
  2 worms
  24 orcs
  7 endoplasms
  A giant cockroach (D:4)
  A gnoll zombie (Ossuary)
  5 goblins
  7 hobgoblins
  4 quokkas
  14 ball pythons
  4 bats
  3 frilled lizards
  A hobgoblin zombie (Ossuary)
  12 kobolds
  2 kobold zombies (Ossuary)
  An orc zombie (Ossuary)
  9 rats
195 creatures vanquished.

Vanquished Creatures (collateral kills)
  2 two-headed ogres
  Nergalle (D:10)
  2 cyclopes (D:11)
  2 kobold demonologists (D:11)
  A gargoyle (D:9)
  An unseen horror (D:10)
  A troll (D:10)
  A shadow (D:11)
  A vampire (D:10)
  2 wraiths (D:11)
  2 wyverns
  Eustachio (D:6)
  A yak (D:8)
  An acid dragon (D:11)
  A water moccasin (D:5)
  2 orc warriors
  A sky beast (D:7)
  A hornet zombie (D:6)
  An ice beast (D:5)
  A centaur (D:9)
  2 ogres
  2 kobold brigands
  A scorpion (D:5)
  A killer bee (D:8)
  A wight (D:8)
  A centaur skeleton (D:7)
  3 centaur zombies
  A bullfrog skeleton (D:4)
  An orc priest (D:8)
  An iguana (D:6)
  3 orc wizards
  A killer bee zombie (D:9)
  A hound skeleton (D:5)
  A mummy (Ossuary)
  6 gnolls
  3 adders
  A worm (D:3)
  7 orcs
  5 kobolds
  A hobgoblin zombie (Ossuary)
  An orc zombie (Ossuary)
  2 rat zombies (Ossuary)
  3 bushes (D:3)
75 creatures vanquished.

Vanquished Creatures (others)
  9 battlemagi
  A fungus (D:8)
  15 plants
25 creatures vanquished.

Grand Total: 295 creatures vanquished

Notes
Turn   | Place    | Note
-------+----------+-------------------------------------------
     0 | D:1      | enile the Octopode Brigand began the quest for the Orb.
     0 | D:1      | Reached XP level 1. HP: 14/14 MP: 1/1
   126 | D:1      | Reached XP level 2. HP: 11/20 MP: 2/2
   745 | D:1      | Reached XP level 3. HP: 22/26 MP: 3/3
   977 | D:2      | Noticed Natasha
   985 | D:2      | Killed Natasha
   986 | D:2      | Reached XP level 4. HP: 17/31 MP: 3/5
  1142 | D:2      | Noticed Natasha
  1149 | D:2      | Killed Natasha
  1150 | D:2      | Reached skill level 1 in Spellcasting
  1214 | D:2      | Found a faded altar of an unknown god.
  1310 | D:2      | Prayed at the altar of an unknown god.
  1310 | D:2      | Became a worshipper of Hepliaklqana the Forgotten
  1310 | D:2      | Reached * piety under Hepliaklqana
  1477 | D:2      | Noticed Sigmund
  1481 | D:2      | Killed Sigmund
  1482 | D:2      | Reached skill level 1 in Evocations
  1482 | D:2      | Reached XP level 5. HP: 33/33 MP: 6/6
  1482 | D:2      | Reached XP level 6. HP: 38/38 MP: 7/7
  1529 | D:2      | Noticed Natasha
  1534 | D:2      | Killed Natasha
  1871 | D:3      | Reached ** piety under Hepliaklqana
  1872 | D:3      | Remembered your ancestor Eanasir as a battlemage
  2102 | D:3      | Found a bloodstained altar of Trog.
  2136 | D:3      | Found Puedgh's Assorted Antiques.
  2255 | D:3      | Bought a brass ring for 115 gold pieces
  2260 | D:3      | Learned a level 3 spell: Teleport Other
  2632 | D:4      | Learned a level 4 spell: Olgreb's Toxic Radiance
  2672 | D:4      | Reached XP level 7. HP: 39/44 MP: 8/8
  2808 | D:4      | Reached skill level 5 in Fighting
  2851 | D:4      | Reached skill level 1 in Poison Magic
  3147 | D:4      | Reached skill level 1 in Translocations
  3371 | D:4      | Found a staircase to the Ecumenical Temple.
  3465 | D:5      | Entered Level 5 of the Dungeon
  3525 | D:5      | HP: 1/45 [ice beast (6)]
  3704 | D:5      | Gained mutation: Your flesh is cold resistant. (rC+)
                  | [potion of mutation]
  3704 | D:5      | Gained mutation: You sometimes lose the ability to read
                  | scrolls when taking damage. [potion of mutation]
  3704 | D:5      | Lost mutation: You sometimes lose the ability to read
                  | scrolls when taking damage. [potion of mutation]
  3704 | D:5      | Gained mutation: You are partially covered in iridescent
                  | scales. (AC +2) [potion of mutation]
  3728 | D:5      | Reached XP level 8. HP: 16/49 MP: 10/10
  4197 | D:5      | Reached skill level 5 in Poison Magic
  5314 | D:6      | Noticed Maggie
  5329 | D:6      | Killed Maggie
  5330 | D:6      | Reached XP level 9. HP: 33/54 MP: 11/11
  5490 | D:6      | Noticed Eustachio
  5504 | D:6      | Killed Eustachio
  5560 | D:6      | Reached skill level 10 in Poison Magic
  5998 | D:7      | Reached *** piety under Hepliaklqana
  6295 | D:7      | Reached skill level 5 in Evocations
  6746 | D:7      | Noticed Pikel
  6755 | D:7      | Killed Pikel
  6756 | D:7      | Reached XP level 10. HP: 38/61 MP: 12/12
  7179 | D:8      | Found a glowing golden altar of the Shining One.
  7189 | D:8      | Reached skill level 5 in Dodging
  7330 | D:8      | Found an iron altar of Okawaru.
  7350 | D:8      | Found a sand-covered staircase.
  7358 | Ossuary  | Entered an ossuary
  7577 | Ossuary  | Lost mutation: Your flesh is cold resistant. (rC+) [potion
                  | of mutation]
  7577 | Ossuary  | Lost mutation: You are partially covered in iridescent
                  | scales. (AC +2) [potion of mutation]
  7577 | Ossuary  | Gained mutation: One of your tentacles bears a spike.
                  | [potion of mutation]
  7577 | Ossuary  | Gained mutation: One of your tentacles bears a nasty spike.
                  | [potion of mutation]
  7577 | Ossuary  | Gained mutation: You are agile. (Dex +2) [potion of
                  | mutation]
  7577 | Ossuary  | Gained mutation: Your mind is acute. (Int +2) [potion of
                  | mutation]
  7704 | D:8      | Noticed a two-headed ogre
  7711 | D:8      | Reached **** piety under Hepliaklqana
  8045 | D:8      | Killed a two-headed ogre
  8197 | D:8      | Found a stormy altar of Qazlal.
  8336 | D:8      | Found a blossoming altar of Fedhas.
  8499 | D:8      | You fall into a shaft and drop 1 floor!
  9060 | D:9      | Noticed a manticore
  9070 | D:9      | Killed a manticore
  9071 | D:9      | Reached skill level 5 in Throwing
  9071 | D:9      | Reached XP level 11. HP: 45/67 MP: 13/13
  9669 | D:9      | Identified the +2 leather armour of Whack-A-Mole {Slay+2}
 10075 | D:10     | Entered Level 10 of the Dungeon
 10078 | D:10     | Found a basalt altar of Yredelemnul.
 10295 | D:10     | Found a portal to a secret trove of treasure.
 10440 | D:10     | Noticed a two-headed ogre
 10441 | D:10     | Found a hide-covered altar of Uskayaw.
 10442 | D:10     | Noticed a two-headed ogre
 10443 | D:10     | Found an ancient bone altar of Kikubaaqudgha.
 10473 | D:10     | Killed a two-headed ogre
 10474 | D:10     | Reached skill level 5 in Invocations
 10477 | D:10     | Killed a two-headed ogre
 10478 | D:10     | Reached skill level 5 in Translocations
 11200 | D:10     | Noticed Nergalle
 11208 | D:10     | Killed Nergalle
 11622 | D:10     | Noticed a two-headed ogre
 11658 | D:10     | Killed a two-headed ogre
 12409 | D:11     | Found a staircase to the Orcish Mines.
 12620 | D:11     | Reached ***** piety under Hepliaklqana
 13145 | D:11     | Noticed a cyclops
 13156 | D:11     | Killed a cyclops
 13326 | D:11     | Reached XP level 12. HP: 56/76 MP: 8/15
 13816 | D:11     | Found a staircase to the Lair.
 14343 | D:11     | Noticed a six-headed hydra
 14551 | D:12     | Noticed a two-headed ogre
 14555 | D:12     | Killed a two-headed ogre
 14556 | D:12     | Reached skill level 10 in Fighting
 14620 | D:11     | Mangled by a six-headed hydra

Illustrated notes

Levels and vault maps discovered:
D:1:      sevenhm_arrival_forest_fort_large_1, layout_basic
D:2:      layout_rooms, hellmonk_ecumenical_altar_blasted, uniq_natasha,
          uniq_sigmund
D:3:      layout_basic, lightli_temple_of_fire, serial_shops,
          nicolae_shop_crystal, minmay_hedge_maze, kennysheep_boxes
D:4:      layout_basic, minmay_temple_entry_tees, serial_rivers,
          chequers_serial_rivers_small_3, chequers_serial_rivers_small_b,
          chequers_serial_rivers_micro_e, chequers_serial_rivers_room_b,
          chequers_serial_rivers_micro_d, chequers_serial_rivers_micro_e
D:5:      layout_loops_ring
D:6:      layout_basic, uniq_maggie, uniq_eustachio
D:7:      layout_basic, uniq_pikel
D:8:      layout_cave_pods, grunt_temple_overflow_forces_of_nature,
          mainiacjoe_overflow_paths, lemuel_round_altar, enter_ossuary_2,
          minmay_fractal_squares_5
D:9:      layout_basic
D:10:     layout_basic, jmf_multi_god_temple, mainiacjoe_overflow_chevrons,
          nicolae_trove_entry_isolated, hangedman_abyss_or_decor_slice,
          uniq_nergalle
D:11:     layout_grid_maze, dpeg_oklobed_lair, minmay_orc_entry_temple_small,
          minmay_fractal_squares_gapless_5
D:12:     layout_stronghold, ploomutoo_gammafunk_ghost_potion_laboratory,
          uniq_nessos

Skill      XL: |  1  2  3  4  5  6  7  8  9 10 11 12 |
---------------+-------------------------------------+-----
Fighting       | 3 4 5 6 7 9 10 | 10.0
Dodging        | 2 3 4 7 8 |  8.3
Stealth        | 6 7 8 9 |  9.0
Spellcasting   | 1 2 |  2.0
Invocations    | 2 3 5 |  5.0
Evocations     | 1 2 3 5 6 |  6.0
Poison Magic   | 3 9 10 | 10.0
Translocations | 2 4 5 6 |  6.0
Throwing       | 3 5 |  5.0
Long Blades    | 2 3 |  3.7
Short Blades   | |  2.0

Action                   |  1- 3 |  4- 6 |  7- 9 | 10-12 || total
-------------------------+-------+-------+-------+-------++-------
Melee: Dagger            |    54 |    67 |   150 |    87 ||   358
       Constrict         |    16 |    16 |    38 |    27 ||    97
       Tentacles         |    11 |    16 |    50 |    45 ||   122
       Punch             |     1 |     1 |     5 |     5 ||    12
       Kick              |       |       |       |    57 ||    57
       Scimitar          |       |       |       |    75 ||    75
Throw: Dart              |     3 |     6 |    19 |    29 ||    57
       Throwing net      |       |       |     3 |       ||     3
 Cast: Teleport Other    |       |       |     3 |     3 ||     6
       Olgreb's Toxic Ra |       |       |     3 |    61 ||    64
Invok: Ancestor Life: Ba |       |     1 |       |       ||     1
       Ancestor Identity |       |     1 |       |       ||     1
       Recall Ancestor   |       |       |     7 |     4 ||    11
Evoke: Wand              |       |       |    19 |     5 ||    24
  Use: Scroll            |       |       |     9 |     8 ||    17
       Potion            |       |       |     2 |     2 ||     4
 Stab: Sleeping          |     8 |    10 |     9 |    19 ||    46
       Distracted        |       |       |     1 |     3 ||     4
Armor: Skin              |     4 |     2 |    14 |     9 ||    29
Dodge: Dodged            |    23 |    33 |    92 |   238 ||   386

Table legend: (Time is in decaauts)
 A = Elapsed time spent in this place.
 B = Non-inter-level travel time spent in this place.
 C = Inter-level travel time spent in this place.
 D = Time resting spent in this place.
 E = Time spent auto-exploring this place.
 F = Levels seen in this place.
 G = Mean time per level.
                   A        B        C        D        E       F      G
               +--------+--------+--------+--------+--------+-----+--------+
         Total |  14609 |  14248 |    361 |    346 |  11775 |  13 | 1123.8 |
       Dungeon |  14371 |  14010 |    361 |    346 |  11623 |  12 | 1197.6 |
       Ossuary |    237 |    237 |      0 |      0 |    152 |   1 |  237.0 |
               +--------+--------+--------+--------+--------+-----+--------+

Top non-repeatable levels by time:
    D:10: 2505 daAuts
    D:11: 2025 daAuts
     D:8: 1571 daAuts
     D:5: 1297 daAuts
     D:9: 1143 daAuts
     D:4: 1142 daAuts
     D:7: 1111 daAuts
     D:6: 1048 daAuts
     D:3: 842 daAuts
     D:1: 835 daAuts
     D:2: 816 daAuts
 Ossuary: 237 daAuts
    D:12: 32 daAuts
